TOP OF THE 1ST |
State College Spikes batting - Pitching for Savannah Hogs : RHP Francisco Moreno
|
Pitching: RHP Francisco Moreno
|
|
Batting: RHB Jorge Molina
|
0-0: SINGLE (Groundball, 15S) (infield hit)
|
Batting: RHB Norberto Márquez
|
0-0: Ball Pickoff Throw to First - Out! 1-0: Ball 2-0: Called Strike 2-1: Foul Ball, location: 2F 2-2: Foul Ball, location: 2F 2-2: Foul Ball, location: 2F 2-2: Ball 3-2: Strikes out looking
|
Batting: RHB Mike Hurt
|
0-0: Ball 1-0: Foul Ball, location: 2F 1-1: Foul Ball, location: 2F 1-2: Ground out U3 (Groundball, 34)
|
Top of the 1st over - 0 runs, 1 hit, 0 errors, 0 left on base; State College 0 - Savannah 0 |
BOTTOM OF THE 1ST |
Savannah Hogs batting - Pitching for State College Spikes : LHP José Leyva
|
Pitching: LHP José Leyva
|
|
Batting: RHB Miguel Martínez
|
0-0: Ball 1-0: Called Strike 1-1: Ground out U3 (Groundball, 34)
|
Batting: SHB David Bennett
|
0-0: SINGLE (Groundball, 6MD)
|
Batting: RHB Pedro Cuevas
|
0-0: Swinging Strike 0-1: Called Strike 0-2: Ball 1-2: Strikes out looking
|
Batting: RHB Melvin Matthews
|
0-0: Ball 1-0: Ball 2-0: Called Strike 2-1: Foul Ball, location: 2F 2-2: Strikes out swinging
|
Bottom of the 1st over - 0 runs, 1 hit, 0 errors, 1 left on base; State College 0 - Savannah 0 |
TOP OF THE 2ND |
State College Spikes batting - Pitching for Savannah Hogs : RHP Francisco Moreno
|
Batting: RHB Steve Welch
|
0-0: Fly out, F4 (Popup, 4MD)
|
Batting: RHB Héctor Villarreal
|
0-0: Fly out, F8 (Line Drive, 8LD)
|
Batting: RHB Sergio Serrano
|
0-0: Ball 1-0: Foul Ball, location: 2F 1-1: Swinging Strike 1-2: Ball 2-2: Ball 3-2: SINGLE (Line Drive, 56)
|
Batting: RHB António Trevino
|
0-0: Called Strike 0-1: Ball 1-1: Swinging Strike 1-2: Strikes out swinging
|
Top of the 2nd over - 0 runs, 1 hit, 0 errors, 1 left on base; State College 0 - Savannah 0 |
BOTTOM OF THE 2ND |
Savannah Hogs batting - Pitching for State College Spikes : LHP José Leyva
|
Batting: SHB Ramón Minas
|
0-0: Called Strike 0-1: Fly out, F7 (Flyball, 78D)
|
Batting: SHB Juan Chávez
|
0-0: Swinging Strike 0-1: SINGLE (Groundball, 56D)
|
Batting: RHB Louis Miller
|
0-0: Ball 1-0: Swinging Strike 1-1: SINGLE (Flyball, 9LS) Juan Chávez to second Runner from 2nd tries for 3rd, SAFE, no throw
|
Batting: RHB Mike Russell
|
0-0: Fly out, F8 (Flyball, 8LM)
|
Batting: SHB Gilberto Acevedo
|
0-0: Called Strike 0-1: Ball 1-1: Ball 2-1: Ground out 6-3 (Groundball, 6)
|
Bottom of the 2nd over - 0 runs, 2 hits, 0 errors, 2 left on base; State College 0 - Savannah 0 |
TOP OF THE 3RD |
State College Spikes batting - Pitching for Savannah Hogs : RHP Francisco Moreno
|
Batting: RHB Víctor Polanco
|
0-0: Called Strike 0-1: Foul Ball, location: 2F 0-2: Strikes out looking
|
Batting: LHB William Mitchell
|
0-0: Called Strike 0-1: Ball 1-1: Ball 2-1: Called Strike 2-2: Strikes out looking
|
Batting: RHB Jorge Molina
|
0-0: Called Strike 0-1: Foul Ball, location: 2F 0-2: Foul Ball, location: 2F 0-2: Reached on error, E5 (Groundball, 56)
|
Batting: RHB Norberto Márquez
|
0-0: Ball 1-0: Called Strike Jorge Molina steals 2nd base 1-1: Ball 2-1: Ground out 4-3 (Groundball, 4MD)
|
Top of the 3rd over - 0 runs, 0 hits, 1 error, 1 left on base; State College 0 - Savannah 0 |
BOTTOM OF THE 3RD |
Savannah Hogs batting - Pitching for State College Spikes : LHP José Leyva
|
Batting: RHB Miguel Martínez
|
0-0: Called Strike 0-1: Ball 1-1: SOLO HOME RUN (Line Drive, 7D), Distance : 360 ft
|
Batting: SHB David Bennett
|
0-0: Ball 1-0: Ball 2-0: SINGLE (Line Drive, 8LS)
|
Batting: RHB Pedro Cuevas
|
0-0: Called Strike 0-1: Swinging Strike 0-2: Ball 1-2: Ball 2-2: Strikes out swinging
|
Batting: RHB Melvin Matthews
|
0-0: Called Strike 0-1: Ball 1-1: Ball 2-1: Called Strike 2-2: SINGLE (Line Drive, 89S) David Bennett to second
|
Batting: SHB Ramón Minas
|
0-0: Called Strike 0-1: Ball 1-1: Foul Ball, location: 2F 1-2: Strikes out swinging
|
Batting: SHB Juan Chávez
|
0-0: Swinging Strike 0-1: Ground out 5-3 (Groundball, 56S)
|
Bottom of the 3rd over - 1 run, 3 hits, 0 errors, 2 left on base; State College 0 - Savannah 1 |
TOP OF THE 4TH |
State College Spikes batting - Pitching for Savannah Hogs : RHP Francisco Moreno
|
Batting: RHB Mike Hurt
|
0-0: Called Strike 0-1: Ball 1-1: Swinging Strike 1-2: Foul Ball, location: 2F 1-2: Foul Ball, location: 2F 1-2: Strikes out swinging
|
Batting: RHB Steve Welch
|
0-0: Called Strike 0-1: Fly out, F9 (Flyball, 9D)
|
Batting: RHB Héctor Villarreal
|
0-0: Swinging Strike 0-1: Called Strike 0-2: Strikes out looking
|
Top of the 4th over - 0 runs, 0 hits, 0 errors, 0 left on base; State College 0 - Savannah 1 |
BOTTOM OF THE 4TH |
Savannah Hogs batting - Pitching for State College Spikes : LHP José Leyva
|
Batting: RHB Louis Miller
|
0-0: Fly out, F8 (Flyball, 8RM)
|
Batting: RHB Mike Russell
|
0-0: Swinging Strike 0-1: Ball 1-1: Foul Ball, location: 2F 1-2: Ground out 4-3 (Groundball, 4)
|
Batting: SHB Gilberto Acevedo
|
0-0: Foul Ball, location: 2F 0-1: Called Strike 0-2: Foul Ball, location: 2F 0-2: Foul Ball, location: 2F 0-2: Strikes out swinging
|
Bottom of the 4th over - 0 runs, 0 hits, 0 errors, 0 left on base; State College 0 - Savannah 1 |
TOP OF THE 5TH |
State College Spikes batting - Pitching for Savannah Hogs : RHP Francisco Moreno
|
Batting: RHB Sergio Serrano
|
0-0: Ball 1-0: Swinging Strike 1-1: SINGLE (Line Drive, 6D)
|
Batting: RHB António Trevino
|
0-0: Ball 1-0: Called Strike Sergio Serrano steals 2nd base 1-1: Called Strike 1-2: DOUBLE (Line Drive, 78D) Sergio Serrano scores
|
Batting: RHB Víctor Polanco
|
0-0: Intentional Walk
|
Batting: LHB William Mitchell
|
0-0: Ball 1-0: Ball 2-0: Foul Ball, location: 2F 2-1: Fly out, F8 (Line Drive, 8LD)
|
Batting: RHB Jorge Molina
|
0-0: Ball 1-0: Called Strike 1-1: Foul Ball, location: 2F 1-2: Ball 2-2: Strikes out swinging
|
Batting: RHB Norberto Márquez
|
0-0: SINGLE (Groundball, 6M) (infield hit) António Trevino to third Víctor Polanco to second
|
Batting: RHB Mike Hurt
|
0-0: Ball 1-0: Foul Ball, location: 2F 1-1: Foul Ball, location: 2F 1-2: Ball 2-2: SINGLE (Groundball, 56D) António Trevino scores Víctor Polanco to third Norberto Márquez to second Runner from 3rd tries for Home, SAFE, no throw
|
Batting: RHB Steve Welch
|
0-0: Fielders Choice at 2nd, 6-4 (Groundball, 6)
|
Top of the 5th over - 3 runs, 4 hits, 0 errors, 2 left on base; State College 3 - Savannah 1 |
BOTTOM OF THE 5TH |
Savannah Hogs batting - Pitching for State College Spikes : LHP José Leyva
|
Batting: RHB Miguel Martínez
|
0-0: Ball 1-0: Called Strike 1-1: Ground out 3-1 (Groundball, 34)
|
Batting: SHB David Bennett
|
0-0: Foul Ball, location: 2F 0-1: Ground out 6-3 (Groundball, 6)
|
Batting: RHB Pedro Cuevas
|
0-0: Ball 1-0: Ground out 6-3 (Groundball, 6)
|
Bottom of the 5th over - 0 runs, 0 hits, 0 errors, 0 left on base; State College 3 - Savannah 1 |
TOP OF THE 6TH |
State College Spikes batting - Pitching for Savannah Hogs : RHP Francisco Moreno
|
Batting: RHB Héctor Villarreal
|
0-0: Called Strike 0-1: Ball 1-1: Fly out, F9 (Flyball, 89D)
|
Batting: RHB Sergio Serrano
|
0-0: Called Strike 0-1: Ball 1-1: Fly out, F7 (Flyball, 7D)
|
Batting: RHB António Trevino
|
0-0: Called Strike 0-1: Foul Ball, location: 2F 0-2: Ball 1-2: Ball 2-2: Foul Ball, location: 2F 2-2: Ball 3-2: Ground out 5-3 (Groundball, 56)
|
Top of the 6th over - 0 runs, 0 hits, 0 errors, 0 left on base; State College 3 - Savannah 1 |
BOTTOM OF THE 6TH |
Savannah Hogs batting - Pitching for State College Spikes : LHP José Leyva
|
Batting: RHB Melvin Matthews
|
0-0: Ground out 6-3 (Groundball, 6)
|
Batting: SHB Ramón Minas
|
0-0: Ball 1-0: Called Strike 1-1: Foul Ball, location: 2F 1-2: SINGLE (Groundball, 56D)
|
Batting: SHB Juan Chávez
|
0-0: Called Strike 0-1: Ball 1-1: Ball Ramón Minas steals 2nd base 2-1: Ball 3-1: Called Strike 3-2: Base on Balls
|
Batting: RHB Louis Miller
|
0-0: Called Strike 0-1: Foul Ball, location: 2F 0-2: Foul Ball, location: 2F 0-2: Strikes out swinging
|
Batting: RHB Mike Russell
|
0-0: Ball 1-0: Ball 2-0: Foul Ball, location: 2F 2-1: Called Strike 2-2: Strikes out looking
|
Bottom of the 6th over - 0 runs, 1 hit, 0 errors, 2 left on base; State College 3 - Savannah 1 |
TOP OF THE 7TH |
State College Spikes batting - Pitching for Savannah Hogs : RHP Francisco Moreno
|
Batting: RHB Víctor Polanco
|
0-0: SINGLE (Groundball, 56D)
|
Batting: LHB William Mitchell
|
0-0: Called Strike Víctor Polanco steals 2nd base 0-1: Swinging Strike 0-2: Ball 1-2: Strikes out swinging
|
Batting: RHB Jorge Molina
|
0-0: Called Strike 0-1: Swinging Strike 0-2: SINGLE (Line Drive, 56D) Víctor Polanco to third Runner from 3rd tries for Home, SAFE, no throw
|
Batting: RHB Norberto Márquez
|
0-0: Ball 1-0: Called Strike 1-1: Grounds into double play, 6-4-3 (Groundball, 6)
|
Top of the 7th over - 1 run, 2 hits, 0 errors, 0 left on base; State College 4 - Savannah 1 |
BOTTOM OF THE 7TH |
Savannah Hogs batting - Pitching for State College Spikes : LHP José Leyva
|
Batting: SHB Gilberto Acevedo
|
0-0: Ball 1-0: SINGLE (Flyball, 9LM)
|
Batting: RHB Miguel Martínez
|
0-0: Called Strike 0-1: Ball 1-1: Ball 2-1: Ball 3-1: Base on Balls Gilberto Acevedo to second
|
Batting: SHB David Bennett
|
0-0: Ball 1-0: Ball 2-0: Ball 3-0: Called Strike 3-1: Base on Balls Gilberto Acevedo to third Miguel Martínez to second
|
Batting: RHB Pedro Cuevas
|
0-0: Called Strike 0-1: Foul Ball, location: 2F 0-2: Foul Ball, location: 2F 0-2: Ball 1-2: Grounds into double play, 6-4-3 (Groundball, 6) Gilberto Acevedo scores Miguel Martínez to third
|
Batting: RHB Melvin Matthews
|
0-0: Foul Ball, location: 2F 0-1: Ball 1-1: Ground out 6-3 (Groundball, 56)
|
Bottom of the 7th over - 1 run, 1 hit, 0 errors, 1 left on base; State College 4 - Savannah 2 |
TOP OF THE 8TH |
State College Spikes batting - Pitching for Savannah Hogs : RHP Francisco Moreno
|
Pitching: LHP Gilberto Jáquez
|
|
Batting: RHB Mike Hurt
|
0-0: Ball 1-0: Called Strike 1-1: SINGLE (Line Drive, 6MD)
|
Batting: RHB Steve Welch
|
0-0: Called Strike 0-1: SINGLE (Groundball, 56D) Mike Hurt to second
|
Batting: RHB Héctor Villarreal
|
0-0: Fly out, F8 (Flyball, 8LM)
|
Batting: RHB Sergio Serrano
|
0-0: Called Strike 0-1: Ball 1-1: Swinging Strike 1-2: Foul Ball, location: 2F 1-2: Grounds into double play, 1-6-3 (Groundball, P)
|
Top of the 8th over - 0 runs, 2 hits, 0 errors, 1 left on base; State College 4 - Savannah 2 |
BOTTOM OF THE 8TH |
Savannah Hogs batting - Pitching for State College Spikes : LHP José Leyva
|
Pitching: RHP Nelson Rivera
|
|
Batting: SHB Ramón Minas
|
0-0: Ball 1-0: Ball 2-0: Foul Ball, location: 2F 2-1: Ball 3-1: Ground out 4-3 (Groundball, 4D)
|
Batting: SHB Juan Chávez
|
0-0: Ball 1-0: Ball 2-0: Called Strike 2-1: SINGLE (Groundball, 4D)
|
Batting: RHB Louis Miller
|
0-0: Foul Ball, location: 2F 0-1: Swinging Strike 0-2: Ball 1-2: Ball 2-2: Ball 3-2: Strikes out looking
|
Batting: RHB Mike Russell
|
0-0: Ground out 2-3 (Groundball, 15S)
|
Bottom of the 8th over - 0 runs, 1 hit, 0 errors, 1 left on base; State College 4 - Savannah 2 |
TOP OF THE 9TH |
State College Spikes batting - Pitching for Savannah Hogs : LHP Gilberto Jáquez
|
Batting: RHB António Trevino
|
0-0: Ball 1-0: Foul Ball, location: 2F 1-1: Hit by Pitch
|
Batting: RHB Víctor Polanco
|
0-0: Fly out, F8 (Flyball, 8LM)
|
Batting: LHB William Mitchell
|
0-0: Called Strike 0-1: Ball 1-1: Called Strike 1-2: Ball 2-2: Ball 3-2: Strikes out swinging
|
Batting: RHB Jorge Molina
|
0-0: Foul Ball, location: 2F 0-1: Ball 1-1: Ball 2-1: Called Strike 2-2: Fielders Choice at 2nd, 5-4 (Groundball, 5L)
|
Top of the 9th over - 0 runs, 0 hits, 0 errors, 1 left on base; State College 4 - Savannah 2 |
BOTTOM OF THE 9TH |
Savannah Hogs batting - Pitching for State College Spikes : RHP Nelson Rivera
|
Pitching: RHP Emílio Fernández
|
|
Batting: SHB Gilberto Acevedo
|
0-0: Ball 1-0: Foul Ball, location: 2F 1-1: Swinging Strike 1-2: Ball 2-2: Strikes out swinging
|
Batting: RHB Miguel Martínez
|
0-0: Ball 1-0: Called Strike 1-1: Fly out, F9 (Flyball, 89M)
|
Batting: SHB David Bennett
|
0-0: Ball 1-0: Ball 2-0: Fly out, F9 (Flyball, 89S)
|
Bottom of the 9th over - 0 runs, 0 hits, 0 errors, 0 left on base; State College 4 - Savannah 2 |
|